 Dungeon Crawl Stone Soup version 0.23-a0-703-gdf2d5e0 (console) character file.

13 Duffy the Firebug (level 2, 0/19 HPs)
             Began as a Demonspawn Fire Elementalist on Jan 13, 2019.
             Slain by a jackal (3 damage)
             ... on level 1 of the Dungeon.
             The game lasted 00:00:16 (551 turns).

Duffy the Firebug (Demonspawn Fire Elementalist)     Turns: 551, Time: 00:00:16

Health: 0/19       AC:  2    Str:  8    XL:     2   Next: 24%
Magic:  4/5        EV: 12    Int: 16    God:
Gold:   56         SH:  0    Dex: 13    Spells: 4/5 levels left

rFire    . . .     SeeInvis .   (no weapon)
rCold    . . .     Gourm    .   (no shield)
rNeg     . . .     Faith    .   a - +0 robe
rPois    .         Spirit   .   (no helmet)
rElec    .         Reflect  .   (no cloak)
rCorr    .         Harm     .   (no gloves)
MR       .....                  (no boots)
Stlth    +.........             (no amulet)
HPRegen  0.06/turn              d - ring of attention (curse)
MPRegen  0.09/turn              (no ring)

@: no status effects
A: spiny 1
a: no special abilities


You were on level 1 of the Dungeon.
You were not hungry.

You visited 1 branch of the dungeon, and saw 1 of its levels.

You collected 56 gold pieces.

Inventory:

Armour
 a - a +0 robe (worn)
Jewellery
 b - a +3 ring of dexterity {unknown}
 d - a cursed ring of attention (left hand)
Comestibles
 c - 3 rations
 f - 2 chunks of flesh


   Skills:
 - Level 1.7 Dodging
 - Level 1.7 Stealth
 - Level 2.0 Spellcasting
 + Level 2.3 Conjurations
 - Level 2.6 Fire Magic


You had 4 spell levels left.
You knew the following spells:

 Your Spells              Type           Power        Failure   Level  Hunger
h - Flame Tongue          Conj/Fire      #....        8%          1    #......

Your spell library contained the following spells:

 Spells                   Type           Power        Failure   Level  Hunger
 Throw Flame              Conj/Fire      #.....       11%         2    ###....
 Conjure Flame            Conj/Fire      #.......     22%         3    ###....
 Inner Flame              Hex/Fire       #.......     34%         3    ###....
 Sticky Flame             Conj/Fire      #.......     58%         4    #####..
 Fireball                 Conj/Fire      #.........   90%         5    ######.


Dungeon Overview and Level Annotations

Branches:
Dungeon (1/15)

Altars:


Innate Abilities, Weirdness & Mutations

You are partially covered in sharp spines.


Message History

The giant cockroach waves its antennae.
The jackal bites you. The jackal barely misses you.
The jackal is struck by your spines.
You kill the jackal!
The jackal bites you. x2; The giant cockroach bites you.
The jackal is struck by your spines.
The jackal bites you but does no damage.
The jackal bites you. The giant cockroach misses you.
The jackal is struck by your spines. The jackal misses you.
The jackal is struck by your spines.
The jackal bites you but does no damage.
The jackal bites you but does no damage.
The jackal closely misses you. The giant cockroach closely misses you.
The jackal bites you. The jackal misses you.
The giant cockroach closely misses you. The jackal is struck by your spines.
You kill the jackal!
The jackal bites you but does no damage.
The giant cockroach is struck by your spines.
The giant cockroach barely misses you. The jackal bites you.
You die...

#.# #.# #.# ##.## #
#.# #...# #. ##.#
#...# ... ..# #...#
#.. #[######...#####
#...##.##.......%...##
#......s.............#
#....#@##..........[.#
#....h%####.#...#.##.#
.>......# #.#...#.# #
.#.#..#.# #.#...#.#
......#.# ......#.#
##.##.#.# #....##.# #.
# #.# ...... # ...
...###


You could see a jackal and a giant cockroach.

Vanquished Creatures
  A dart slug (D:1)
  A giant cockroach (D:1)
  A hobgoblin (D:1)
  3 jackals (D:1)
  A kobold (D:1)
  2 goblins (D:1)
9 creatures vanquished.

Notes
Turn   | Place    | Note
-------+----------+-------------------------------------------
     0 | D:1      | Duffy the Demonspawn Fire Elementalist began the quest for
                  | the Orb.
     0 | D:1      | Reached XP level 1. HP: 13/13 MP: 3/3
   539 | D:1      | Gained mutation: You are partially covered in sharp spines.
                  | [demonic ancestry]
   539 | D:1      | Reached XP level 2. HP: 19/19 MP: 3/5
   551 | D:1      | Slain by a jackal

Vault maps used:
D:1:      kilobyte_arrival_exit_the_forest

Skill      XL: |  1 |
---------------+----+-----
Conjurations   | 2 |  2.3
Dodging        | |  1.7
Stealth        | |  1.7
Spellcasting   | |  2.0
Fire Magic     | |  2.6

Action                   || total
-------------------------++-------
Melee: Unarmed           ||     7
 Cast: Flame Tongue      ||     9
Armor: Robe              ||     6
Dodge: Dodged            ||    14

Table legend:
 A = Non-vault XP
 B = Vault XP
 C = Vault XP percentage of total XP
 D = Non-vault monster count
 E = Vault monster count
 F = Vault count percentage of total count
                 A         B        C        D         E       F
            +---------+---------+-------+---------+---------+-------
      Total |      19 |       0 |   0.0 |       9 |       0 |   0.0
            +---------+---------+-------+---------+---------+-------
        D:1 |      19 |       0 |   0.0 |       9 |       0 |   0.0
            +---------+---------+-------+---------+---------+-------
